Cogmind - Beta 10 X2 --- EXPLORER MODE // 2020.07.18 @ 21:45:55 // Experiment/BattleRoyale Player: Minty Result: Core destroyed Performance ------------- Evolutions (0) 0 Regions Visited (0) 0 Robots Destroyed (3) 15 Value Destroyed (1500) 1500 Prototype IDs (4) 80 Alien Tech Used (0) 0 Bonus (0) 0 TOTAL SCORE: 1595 Bonus ------- None Cogmind --------- Core Integrity 0/250 Matter 19/300 Energy 100/100 System Corruption 1% Temperature Cool (751) Movement Core (50) Location -5/Wartown Parts ------- > --- POWER (2) -------- (None) > --- PROPULSION (4) --- (None) > --- UTILITY (7) ------ (None) > --- WEAPON (5) ------- (None) > --- INVENTORY (4) ---- (None) Peak State ------------ > --- POWER ------------ Nuclear Core Makeshift Power Source > --- PROPULSION ------- Improved Hover Unit Improved Gyrokinetic Inverter Combat Linear Gravjet > --- UTILITY ---------- Advanced Cooling System Compact Battery Enhanced Optical Array Improved Target Analyzer Experimental Thermal Shield > --- WEAPON ----------- Heavy Disruptor Cannon Hypervelocity Gauss Rifle Ionic Axe > --- INVENTORY -------- (None) [Rating: 78] Favorites ----------- Power Nuclear Core Engine Makeshift Power Source Power Core Nuclear Core Propulsion Improved Gyrokinetic Inverter Leg Flexi-carbon Leg Hover Unit Improved Gyrokinetic Inverter Flight Unit Impulse Thruster Utility Improved Target Analyzer Device Advanced Cooling System Storage Compact Battery Processor Improved Target Analyzer Weapon Ionic Axe Energy Gun Beamcaster Energy Cannon Heavy Disruptor Cannon Ballistic Gun Hypervelocity Gauss Rifle Ballistic Cannon Mini Assault Cannon Slashing Weapon Ionic Axe Build | -5 ------- Run | Tow Slots Evolved . | . Power . | . Propulsion . | . Utility . | . Weapon . | . Parts Attached 21 | 21 Power . | . Engine . | . Core . | . Reactor . | . Propulsion 8 | 8 Treads . | . Leg . | . Wheel . | . Hover 8 | 8 Flight . | . Utility 5 | 5 Device 3 | 3 Storage . | . Processor 2 | 2 Hackware . | . Protection . | . Artifact . | . Weapon 8 | 8 Energy Gun 2 | 2 Energy Cannon 1 | 1 Ballistic Gun 2 | 2 Ballistic Cannon 2 | 2 Launcher . | . Special Weapon . | . Impact Weapon . | . Slashing Weapon 1 | 1 Piercing Weapon . | . Special Melee Weapon . | . Unidentified Prototypes 4 | 4 Parts Lost 7 | 7 Power 1 | 1 Propulsion 2 | 2 Utility 1 | 1 Weapon 3 | 3 Highest Loss Streak 4 | 4 Average Slot Usage (%) 44 | 44 Engine 3 | 3 Core 3 | 3 Hover 9 | 9 Device 7 | 7 Storage 3 | 3 Processor 7 | 7 Ballistic Cannon 2 | 2 Slashing Weapon 2 | 2 Naked Turns 98 | 98 Heaviest Build 70 | 70 Greatest Support 89 | 89 Greatest Overweight (x) 4 | 4 Average Overweight (x) . | . Largest Inventory Capacity 12 | 12 Average Capacity 4 | 4 Most Carried . | . Average Carried . | . Final Capacity 4 | 4 Final Carried . | . Class Distribution -------------------- 86% | Hacker-Mutant 13% | Hacker-Gunner Dominant Class ---------------- Hacker-Mutant | -5/Wartown Resources | -5 ----------- Run | Tow Matter Collected 30 | 30 Remotely . | . Salvage Created 100 | 100 Parts . | . Haulers Intercepted . | . Recyclers Shooed . | . Parts Field Recycled . | . Retrieved Matter . | . Parts Self-Destructed . | . Prevented . | . Kills | -5 ------- Run | Tow Combat Hostiles Destroyed 3 | 3 Guns 1 | 1 Cannons 2 | 2 Classes Destroyed 1 | 1 Player 3 | 3 Best Kill Streak 1 | 1 Combat Bots Only 1 | 1 Max Kills in Single Turn 1 | 1 Gunslinging . | . Exploded . | . Melee . | . Uniques/NPCs Destroyed . | . Combat | -5 -------- Run | Tow Damage Taken 724 | 724 Core 428 | 428 Absorbed by Shields . | . Redirected to Core 6257 | 6257 Core Remaining (%) . | . Volleys Fired 60 | 60 Largest 3 | 3 Hottest 193 | 193 Shots Fired 86 | 86 Gun 38 | 38 Cannon 48 | 48 Launcher . | . Special . | . Kinetic 64 | 64 Thermal 1 | 1 Explosive . | . Electromagnetic 21 | 21 Robot Hit Streak 63 | 63 Robot Miss Streak 2 | 2 Penetration Max . | . Secondary Targets 1 | 1 Max Gunslinging Chain 1 | 1 Shots Hit Robots 75 | 75 Core Hits 4 | 4 Critical Hits 14 | 14 Critical Kills . | . Critical Parts Destroyed 8 | 8 Melee Attacks 5 | 5 Impact . | . Slashing 5 | 5 Piercing . | . Sneak Attacks . | . Combat Hostiles . | . Follow-up Attacks . | . Damage Inflicted 1239 | 1239 Guns 301 | 301 Cannons 841 | 841 Explosions . | . Melee 91 | 91 Ramming 6 | 6 Kinetic 834 | 834 Thermal . | . Explosive . | . Electromagnetic 308 | 308 Impact . | . Slashing 91 | 91 Piercing . | . Highest Corruption 1 | 1 Average Corruption 1 | 1 Corruption Purged . | . Effects 3 | 3 Message Errors 1 | 1 Energy Discharges 2 | 2 Overload Shots . | . Overflow Damage . | . Projectiles . | . Explosions . | . Melee . | . Knockbacks 2 | 2 Impact . | . Kinetic 2 | 2 Secondary . | . Self-Inflicted Damage 146 | 146 Shots 2 | 2 Rammed 2 | 2 Targets Rammed 2 | 2 Kicked . | . Crushed . | . Highest Temperature 751 | 751 Average Temperature 212 | 212 Received Heat Transfer 144 | 144 Effects 25 | 25 Shutdowns 8 | 8 Energy Bleed 5 | 5 Interference 4 | 4 Matter Decay 2 | 2 Damage (minor) 4 | 4 Damage (core) 2 | 2 Siege Activations . | . Robots Corrupted . | . Combat Hostiles . | . Parts Fried . | . Impact Corruptions . | . Robots Melted . | . Combat Hostiles . | . Parts Melted 6 | 6 Heat Transferred . | . Parts Sabotaged . | . Parts Stolen . | . Parts Stripped . | . Power Chain Reactions . | . Missiles Intercepted . | . Alert | -5 ------- Run | Tow Peak Influence . | . Average Influence . | . Maximum Alert Level . | . Low Security (%) . | . Level 1 . | . Level 2 . | . Level 3 . | . Level 4 . | . Level 5 . | . High Security . | . Max Security . | . Squads Dispatched . | . Investigation . | . Extermination . | . Reinforcement . | . Assault . | . Garrison . | . Intercept . | . Construction Impeded . | . Haulers Reinforced . | . Stealth | -5 --------- Run | Tow Distress Signals . | . Communications Jammed . | . Distress Signals . | . Times Spotted 3 | 3 Peak Tracking Total 2 | 2 Tactical Retreats . | . Traps | -5 ------- Run | Tow Traps Triggered . | . Indirectly . | . Trap Hack Attempts . | . Triggered . | . Disarmed . | . Reprogrammed . | . Reused . | . Traps Extracted . | . Installed . | . Triggered . | . Machines | -5 ---------- Run | Tow Machines Disabled 6 | 6 Max in Single Turn 4 | 4 Machines Sabotaged . | . Garrisons Compromised . | . Overloaded Fab Kills . | . Fab Network Shutdowns . | . Hacking | -5 --------- Run | Tow Machines Accessed . | . Terminals . | . Fabricators . | . Repair Stations . | . Recycling Units . | . Scanalyzers . | . Garrison Access . | . Total Hacks . | . Successful . | . Failed . | . Catastrophic . | . Database Lockouts . | . Manual . | . Terminals . | . Fabricators . | . Repair Stations . | . Recycling Units . | . Scanalyzers . | . Garrison Access . | . Terminal Hacks . | . Fabricator Hacks . | . Repair Station Hacks . | . Recycling Unit Hacks . | . Scanalyzer . | . Garrison Access Hacks . | . Unauthorized Hacks . | . Terminals . | . Fabricators . | . Repair Stations . | . Recycling Units . | . Scanalyzers . | . Garrison Access . | . Data Cores Recovered . | . Used . | . Hacking Detections . | . Full Trace Events . | . Feedback Events . | . Feedback Blocked . | . Robot Schematics Acquired . | . Robots Built . | . Matter . | . Time . | . Total Robot Build Rating . | . Part Schematics Acquired . | . Parts Built . | . Matter . | . Time . | . Total Part Build Rating . | . Parts Repaired . | . Time . | . Parts Recycled . | . Recycled Matter . | . Retrieved Matter . | . Retrieved Components . | . Parts Scanalyzed . | . Part Schematics Acquired . | . Parts Damaged . | . Bothacking | -5 ------------ Run | Tow Used RIF Installer . | . Robots Hacked . | . Non-combat . | . Combat . | . Robot Hacks Applied . | . Relay Couplers Released . | . Robots Rewired . | . Allies Hacked . | . Hacks Repelled . | . Allies | -5 -------- Run | Tow Total Allies . | . Largest Group . | . Highest-Rated Group . | . Highest-Rated Ally . | . Total Orders . | . Ally Attacks . | . Total Damage . | . Kills . | . Allies Corrupted . | . Allies Melted . | . Intel | -5 ------- Run | Tow Robot Analysis Total . | . Derelict Logs Recovered . | . Drone Launches . | . Drone Recoveries . | . Exploration | -5 ------------- Run | Tow Turns Passed 1190 | 1190 Spaces Moved 919 | 919 Core 323 | 323 Treads . | . Legs 8 | 8 Wheels . | . Hover 588 | 588 Flight . | . Fastest Speed 50 | 50 Average Speed 71 | 71 Slowest Speed 260 | 260 Overloaded Moves . | . Propulsion Burnouts . | . Robots Hopped . | . Cave-ins Triggered 1 | 1 Exploration Rate (%) 29 | 29 Regions Visited 1 Branch Regions 1 Pre-discovered Areas . | . Known Exits Taken . | . Unknown Exits Taken . | . Scrap Searched . | . Spaces Dug . | . Terrain Destroyed 31 | 31 Melee . | . Projectile 1 | 1 AOE 30 | 30 Actions | -5 --------- Run | Tow Total 1362 | 1362 Wait 326 | 326 Move 919 | 919 Hop . | . Pick Up . | . Fast Attach 21 | 21 Attach . | . Detach . | . Swap . | . Drop 29 | 29 Fire 60 | 60 Melee 5 | 5 Ram 2 | 2 Kick . | . Crush . | . Escape Stasis . | . Rewire . | . Trap . | . Miscellaneous . | . Route ------- -5/Wartown History --------- Turn | Location | Event 312 | -5/Wartown | Build established: Hacker-Mutant 384 | -5/Wartown | Found Prototype Device 384 | -5/Wartown | Identified Exp. Thermal Shield 450 | -5/Wartown | Core integrity fell below 50% 602 | -5/Wartown | Core integrity fell below 20% 656 | -5/Wartown | Crushed by falling debris 659 | -5/Wartown | Lost 4 parts (1p2n1w) 1192 | -5/Wartown | Core destroyed Last Messages --------------- 00714_ HV Slug penetrates Wall. 00725_ System corrupted: Energy discharge (-13). 00727_ HV Slug penetrates Wall. 00738_ Attacktrap-2 destroyed. 00741_ YUCW P1FDU4LL=GR5U926KN=XX8CMHPRQNT# 00847_ Door malfunctions. 01043_ Dropped Mni. Assault Cannon. 01055_ Overheating: Adv. Cooling System damaged (-24). 01056_ Overheating: Energy bleed (-25). 01059_ Overheating: Core damaged (-47). 01062_ Overheating: Matter decay (-2). 01087_ System corrupted: Energy discharge (-31). 01087_ Acquired Lrn. Tractor Beam. 01092_ Dropped Lrn. Tractor Beam. 01093_ Discarded Enh. Optical Array. 01093_ Dropped Adv. Cooling System. 01094_ Discarded Imp. Target Analyzer. 01119_ Overheating: Energy bleed (-23). 01130_ Overheating: Matter decay (-2). 01192_ Overheating: Core damaged (-50). Map ----- +----------------------------------------------------+ | ??????#######"###### ### ##" " | | ??????# / " | | ??????# / + | | ??????# / + | | ??????# / + | | ??????# / | | ??????# ####+##### ### ## | | ####### #?? ???# # # | | #?? ???# # # | | #? ??# # " | | #? ??# # " | | # ?# # | | # ?# # | | # ########"+" ########## | | # # # # " | | # # # # " | | ########## # # | | # # | | + # | | # ## | | # #? | | # #? | | ########### ; ; # #? | | ??????????# # #? | | ???????????# #? | | ????????? @ #? | | ?????????? ; #? | | ?????????? #? | | ??????????? #? | | ??????????? #? | | ???????????? ### ##? | | ????????????# ???????? | | ???????????? ????????? | | ????????????? ?????????? | | ????????????? ??????????? | | ?????????????? # ???????????? | | ?????????????? ???????????? | | ???????????????? ?? ???????????? | | ?????????????????? ? ???? ???????????? | | ????????????????????? ??????? ???????????? | | ??????????????????????? ?????????????????????? | | ?????????????????????????????????????????????????? | | ?????????????????????????????????????????????????? | | ?????????????????????????????????????????????????? | | ?????????????????????????????????????????????????? | | ?????????????????????????????????????????????????? | | ?????????????????????????????????????????????????? | | ?????????????????????????????????????????????????? | | ?????????????????????????????????????????????????? | | ?????????????????????????????????????????????????? | +----------------------------------------------------+ Best States ------------- Heat Dissipation 56 Energy Generation 24 Energy Capacity 610 Matter Stores 300 Matter Capacity 300 Sight Range 22 Terrain Scan Density 10 Resistance: KI 35 Resistance: TH 65 Resistance: EX 35 Resistance: EM 35 Resistance: I 35 Resistance: S 35 Resistance: P 35 Evasion (%) 66 Target Analysis 6 Energy Filtering 30 Offensive Hacking 20 Item Schematics ----------------- None Robot Schematics ------------------ None Fabricated ------------ Nothing Alien Tech Used ----------------- None Achievements -------------- None Challenges ------------ None Game ------ Seed ScatterShadingKit Manual? 0 Play Time 00:09:16 Cumulative 211.5 hours Start 2020.07.18 @ 21:37:33 End 2020.07.18 @ 21:45:55 Sessions 1 Manual Loads 0 Difficulty Explorer Special Mode Experiment/BattleRoyale Game No. 119 Rogue 0 Adventurer 44 Explorer 75 Win Type - Total 4 Types 3/0/1/0/0/0/0 Lore% 53 Gallery% 79 Achievement% 58 Wizard Run 0 Options --------- ASCII 0 Keyboard 0 Movement Mouse Keybinds 0 Fullscreen 1 Font 18/TerminusBold Map View 76x50 Tactical HUD 1 Map Filters NONE Filters SATURATION(100) Steam 1 RUN: bf995418-caf7-4a9b-8974-315f8ca3fed3